 Dungeon Crawl Stone Soup version 0.19-a0-1792-g28b16ba (webtiles) character file.

262 poirepourri the Sneak (level 6, -1/28 HPs)
             Began as a Vine Stalker Enchanter on Oct 4, 2016.
             Slain by Eustachio
             ... wielding a +0 rapier
              (8 damage)
             ... on level 4 of the Dungeon.
             The game lasted 00:08:21 (4713 turns).

poirepourri the Sneak (Vine Stalker Enchanter)      Turns: 4713, Time: 00:08:22

Health: -1/28      AC:  4    Str: 11    XL:     6   Next: 18%
Magic:  0/11       EV: 13    Int: 15    God:
Gold:   208        SH:  0    Dex: 16    Spells: 4 memorised, 2 levels left

rFire  . . .     SeeInvis .     j - +0 dagger (holy)
rCold  . . .     Gourm    .     b - +1 robe
rNeg   . . .     Faith    .     (no shield)
rPois  .         Spirit   +     (no helmet)
rElec  .         Dismiss  .     m - +0 cloak
rCorr  .         Reflect  .     (no gloves)
MR     .....     Harm     .     (no boots)
Stlth  +++.......               (no amulet)
                                (no ring)
                                (no ring)

@: very slightly contaminated
A: fangs 2, regeneration 1, magic shield, antimagic bite, no device heal 3, rot
immunity
a: no special abilities


You were on level 4 of the Dungeon.
You were not hungry.

You visited 1 branch of the dungeon, and saw 4 of its levels.

You collected 208 gold pieces.

Inventory:

Hand Weapons
 a - a +1 dagger
 j - a +0 dagger of holy wrath (weapon)
Armour
 b - a +1 robe (worn)
 m - a +0 cloak (worn)
Scrolls
 i - 4 scrolls of remove curse
 k - a scroll of fear
 s - a scroll of recharging
Potions
 d - a potion of curing
 e - a potion of flight
 f - a potion of heal wounds {unknown}
 g - a potion of brilliance {unknown}
 h - a potion of might
 n - a potion of haste
 p - a potion of degeneration {unknown}
Books
 c - a book of Maledictions

   Spells                             Type                      Level
   a - Corona                         Hexes                        1
   b - Ensorcelled Hibernation        Hexes/Ice                    2
   c - Confuse                        Hexes                        3
   d - Tukima's Dance                 Hexes                        3
   e - Dazzling Spray                 Conjuration/Hexes            3
 r - Sif Muna's Reference Book on the Entourage
   (You found it on level 3 of the Dungeon)

   Spells                             Type                      Level
   a - Summon Small Mammal            Summoning                    1
Comestibles
 l - 2 meat rations
 q - a beef jerky


   Skills:
 + Level 0.1 Fighting
 + Level 2.1 Short Blades
 + Level 2.6 Dodging
 + Level 5.7 Stealth
 + Level 3.2 Spellcasting
 + Level 3.8 Hexes


You had 2 spell levels left.
You knew the following spells:

 Your Spells              Type           Power        Failure   Level  Hunger
a - Corona                Hex            ##.....      4%          1    #......
b - Ensorcelled Hibernat  Hex/Ice        #.....       14%         2    ##.....
c - Confuse               Hex            ##......     14%         3    ###....
d - Tukima's Dance        Hex            ##......     14%         3    ###....


Dungeon Overview and Level Annotations

Branches:
Dungeon (4/15)
 Temple: D:4-7

Altars:
Elyvilon
Kikubaaqudgha
Sif Muna
Vehumet
The Shining One

Annotations:
D:4 Eustachio, Grinder


Innate Abilities, Weirdness & Mutations

You have extremely sharp teeth.
Your natural rate of healing is unusually fast.
When hurt, damage is shared between your health and your magic reserves.
Your bite disrupts and absorbs the magic of your enemies.
Potions and wands cannot restore your health.
You are immune to rotting.


Message History

You hit Eustachio but do no damage.
Eustachio is heavily wounded.
Eustachio hits you with a rapier.
You hit Eustachio.
Eustachio is heavily wounded.
The iron imp hits you.
* * * LOW HITPOINT WARNING * * *
Eustachio hits you with a rapier.
* * * LOW HITPOINT WARNING * * *
You closely miss Eustachio. You bite Eustachio, but do no damage.
Eustachio is heavily wounded.
The iron imp closely misses you.
Casting: Ensorcelled Hibernation
Confirm with . or Enter, or press ? or * to list all spells.
You don't know that spell.
Unknown command.
You barely miss Eustachio. Your bite misses Eustachio.
Eustachio is heavily wounded.
Eustachio hits you with a rapier!
You die...

#.. ##..#. #....#
. #....# ...
#....#######.....
#....##.5@@rh....
#.......#####....
#.....### .
####.##.##
#.......<##
#.........#
#.....#.#.#
#####.._..#
###.#.#


You could see Eustachio, a hound, an iron imp and a rat.

Vanquished Creatures
  An orc wizard (D:4)
  Natasha (twice) (D:3)
  8 adders
  5 worms
  2 leopard geckos
  6 orcs
  8 bats
  8 giant cockroaches
  7 hobgoblins
  6 jackals
  10 kobolds
  3 quokkas
  2 ball pythons (D:1)
  3 frilled lizards (D:3)
  12 goblins
  12 rats
95 creatures vanquished.

Notes
Turn   | Place    | Note
-------+----------+-------------------------------------------
     0 | D:1      | poirepourri the Vine Stalker Enchanter began the quest for the Orb.
     0 | D:1      | Reached XP level 1. HP: 9/9 MP: 4/4
   482 | D:1      | Reached XP level 2. HP: 7/13 MP: 6/6
   891 | D:1      | Reached skill level 4 in Stealth
  1014 | D:1      | Reached skill level 1 in Short Blades
  1014 | D:1      | Reached XP level 3. HP: 4/16 MP: 3/7
  1370 | D:1      | Learned a level 2 spell: Ensorcelled Hibernation
  1374 | D:1      | Learned a level 3 spell: Confuse
  2395 | D:2      | Gained mutation: Your natural rate of healing is unusually fast. [Vine Stalker growth]
  2395 | D:2      | Reached XP level 4. HP: 21/21 MP: 8/8
  3021 | D:2      | Reached XP level 5. HP: 5/24 MP: 4/10
  3261 | D:2      | Reached skill level 5 in Stealth
  3534 | D:3      | Learned a level 3 spell: Tukima's Dance
  3635 | D:3      | Found a white marble altar of Elyvilon.
  3687 | D:3      | Found a deep blue altar of Sif Muna.
  3687 | D:3      | Found an ancient bone altar of Kikubaaqudgha.
  3689 | D:3      | Found a radiant altar of Vehumet.
  3693 | D:3      | Identified Sif Muna's Reference Book on the Entourage
  3719 | D:3      | Noticed Natasha
  3736 | D:3      | Killed Natasha
  4097 | D:3      | Noticed Natasha
  4112 | D:3      | Killed Natasha
  4654 | D:4      | Found a glowing golden altar of the Shining One.
  4664 | D:4      | Noticed Grinder
  4667 | D:4      | Noticed Eustachio
  4676 | D:4      | Reached XP level 6. HP: 25/28 MP: 3/11
  4713 | D:4      | Slain by Eustachio

Vault maps used:
D:1:      dpeg_arrival_oval, solitary_fountain
D:2:      first_bread
D:3:      grunt_temple_overflow_magic_moments, dk_noncrumbling_2,
          lemuel_statue_altar, uniq_natasha
D:4:      grunt_temple_overflow_forces_of_nature, lemuel_crystal_altar,
          serial_shops, shop_statue, kennysheep_boxes, uniq_grinder,
          uniq_eustachio, uniq_robin

Skill      XL: |  1  2  3  4  5 |
---------------+----------------+-----
Stealth        | 4 5 |  5.7
Short Blades   | 1 2 |  2.1
Dodging        | 2 |  2.6
Spellcasting   | 3 |  3.2
Fighting       | |  0.1
Hexes          | |  3.8

Action                   |  1- 3 |  4- 6 || total
-------------------------+-------+-------++-------
Melee: Dagger            |   148 |   245 ||   393
       Bite              |    22 |    71 ||    93
 Cast: Corona            |     7 |       ||     7
       Ensorcelled Hiber |    16 |    18 ||    34
  Use: Scroll            |     2 |    10 ||    12
       Potion            |     3 |       ||     3
 Stab: Sleeping          |    11 |    20 ||    31
  Eat: Bread ration      |     2 |     1 ||     3
       Beef jerky        |       |     1 ||     1
Armor: Robe              |    41 |    33 ||    74
Dodge: Dodged            |   127 |   133 ||   260
